 Dungeon Crawl Stone Soup version 0.32-a0-699-g1ee5eff69a (webtiles) character file.

Game seed: 8388388601231181520

124 pokeman the Magician (level 4, -4/25 HPs)
             Began as a Deep Elf Hedge Wizard on Mar 13, 2024.
             Slain by Sigmund
             ... wielding a +0 scythe
              (10 damage)
             ... on level 2 of the Dungeon.
             The game lasted 00:05:47 (2215 turns).

pokeman the Magician (Deep Elf Hedge Wizard)        Turns: 2215, Time: 00:05:47

Health: -4/25      AC:  3    Str:  7    XL:     4   Next: 81%
Magic:  5/13       EV: 16    Int: 21    God:
Gold:   31         SH:  0    Dex: 14    Spells: 5/14 levels left

rFire   . . .        c - +2 dagger (venom)
rCold   . . .        (no shield)
rNeg    . . .        b - +0 robe
rPois   .            k - +0 helmet
rElec   .            (no cloak)
rCorr   .            (no gloves)
SInv    .            (no boots)
Will    .....        (no amulet)
Stlth   ++           a - +5 ring of evasion
HPRegen 0.24/turn    (no ring)
MPRegen 0.13/turn

%: no passive effects
@: lethally poisoned (-4 -> -18), very slightly contaminated
A: no striking features
a: no special abilities


You were on level 2 of the Dungeon.
You visited 1 branch of the dungeon, and saw 2 of its levels.

You collected 31 gold pieces.

Inventory:

Hand Weapons
 c - a +2 dagger of venom (weapon)
Armour
 b - a +0 robe (worn)
 k - a +0 helmet (worn)
Jewellery
 a - a +5 ring of evasion (left hand)
Wands
 j - a wand of flame (19)
 l - a wand of iceblast (8)
Scrolls
 f - a scroll of teleportation {unknown}
 g - a scroll of immolation {unknown}
 h - a scroll of silence {unknown}
 i - a scroll of vulnerability {unknown}
Potions
 d - a potion of magic
 e - 2 potions of curing {unknown}
 m - a potion of heal wounds {unknown}
 n - a potion of might {unknown}


   Skills:
 - Level 1.1 Fighting
 - Level 1.1 Armour
 + Level 2.7 Dodging
 + Level 2.8 Stealth
 * Level 5.9 Spellcasting
 + Level 2.4 Conjurations
 - Level 1.1 Summonings
 - Level 1.1 Translocations


You had 5 spell levels left.
You knew the following spells:

 Your Spells              Type           Power      Damage    Failure   Level
a - Magic Dart            Conj           64%        1d6       3%          1
b - Mephitic Cloud        Conj/Alch/Air  9%         N/A       22%         3
c - Call Imp              Summ           20%        N/A       10%         2
d - Blink                 Tloc           20%        N/A       10%         2
e - Foxfire               Conj/Fire      44%        2x1d6     6%          1

Your spell library contained the following spells:

 Spells                   Type           Power      Damage    Failure   Level
 Sting                    Conj/Alch      44%        1d5       6%          1
 Slow                     Hex            24%        N/A       10%         1
 Cigotuvi's Dreadful Rot  Necr/Alch/Air  12%        N/A       16%         2
 Mercury Vapours          Alch/Air       12%        N/A       16%         2
 Olgreb's Toxic Radiance  Alch           6%         N/A       69%         4
 Plasma Beam              Fire/Air       3%         2x1d13    100%        6
 Starburst                Conj/Fire      5%         6d4       100%        6


Dungeon Overview and Level Annotations

Branches:
Dungeon (2/15)

Altars:

Shops:
D:1 (

Annotations:
D:2 Sigmund


Message History

Unknown command.
Casting: Foxfire (safe; 6% risk of failure)
Confirm with . or Enter, or press ? or * to list all spells.
You conjure some foxfire!
The foxfire hits something. x3
Unknown command.
Casting: Foxfire (safe; 6% risk of failure)
Confirm with . or Enter, or press ? or * to list all spells.
You conjure some foxfire!
The foxfire hits something but does no damage.
Something hits you.
Unknown command.
Casting: Foxfire (safe; 6% risk of failure)
Confirm with . or Enter, or press ? or * to list all spells.
You conjure some foxfire!
The foxfire hits something but does no damage.
The foxfire hits something.
You hear some strange, mumbled words.
You are confused.
You're too confused to cast spells.
Unknown command.
Unknown command.
Okay, then.
Unknown command.
The foxfire hits something. x2; Something hits you!
Unknown command.
You bump into the tree.
You're too confused to move!
Something closely misses you.
You feel less confused.
Casting: Foxfire (safe; 6% risk of failure)
Confirm with . or Enter, or press ? or * to list all spells.
Aiming: Mephitic Cloud (extremely dangerous; 22% risk of failure)
Press: ? - help, Shift-Dir - straight line You miscast Mephitic Cloud.
You are very lightly contaminated with residual magic.
You are engulfed in toxic fumes.
You are lethally poisoned!
* * * LOW HITPOINT WARNING * * *
You feel very sick. Something hits you!
You die...

#.# #.# #.#
#.###.####
#.........
##.###.###.
##...##
#####.....#
.......@.##
#######.##
####.#
#....#
#..♣.#
#...♣..#
#.......#
#........#
#.........#
.###


There were no monsters in sight!

Vanquished Creatures
  Jessica (D:2)
  Robin (D:2)
  3 gnolls (D:2)
  An adder (D:2)
  A dart slug (D:1)
  4 endoplasms
  3 giant cockroaches
  8 goblins
  10 hobgoblins
  A quokka (D:1)
  3 ball pythons
  A bat (D:1)
  5 frilled lizards
  3 kobolds (D:1)
  3 rats
48 creatures vanquished.

Vanquished Creatures (others)
  111 foxfires (D:2)
111 creatures vanquished.

Grand Total: 159 creatures vanquished

Notes
Turn   | Place    | Note
-------+----------+-------------------------------------------
     0 | D:1      | pokeman the Deep Elf Hedge Wizard began the quest for the
                  | Orb.
     0 | D:1      | Reached XP level 1. HP: 10/10 MP: 7/7
   267 | D:1      | Reached XP level 2. HP: 16/16 MP: 3/9
   436 | D:1      | Found Pofat's Weapon Shoppe.
   925 | D:1      | Reached skill level 5 in Spellcasting
  1243 | D:1      | Learned a level 1 spell: Foxfire
  1271 | D:2      | Noticed Jessica
  1277 | D:2      | Killed Jessica
  1278 | D:2      | Reached skill level 1 in Fighting
  1278 | D:2      | Reached skill level 1 in Armour
  1278 | D:2      | Reached XP level 3. HP: 11/20 MP: 6/11
  1281 | D:2      | Noticed Robin
  1298 | D:1      | Learned a level 3 spell: Mephitic Cloud
  1301 | D:1      | Learned a level 2 spell: Blink
  1304 | D:1      | Learned a level 2 spell: Call Imp
  1366 | D:2      | Killed Robin
  1368 | D:2      | Reached XP level 4. HP: 17/25 MP: 3/13
  2201 | D:2      | Noticed Sigmund
  2215 | D:2      | Slain by Sigmund

Illustrated notes

Levels and vault maps discovered:
D:1:      wander_arrival_estate, layout_basic, serial_shops,
          nicolae_diamond_shop, kennysheep_minor_cross
D:2:      layout_loops_corners, chequers_mini_garden, uniq_robin, uniq_jessica,
          uniq_sigmund

Skill      XL: |  1  2  3 |
---------------+----------+-----
Spellcasting   | 5 |  5.9
Fighting       | 1 |  1.1
Armour         | 1 |  1.1
Conjurations   | 2 |  2.4
Dodging        | |  2.7
Stealth        | |  2.8
Summonings     | |  1.1
Translocations | |  1.1

Action                     |  1- 3 |  4- 6 || total
---------------------------+-------+-------++-------
  Melee: Dagger            |     2 |     2 ||     4
   Cast: Magic Dart        |    58 |       ||    58
         Foxfire           |    15 |    46 ||    61
 Armour: Robe              |     9 |     5 ||    14
  Dodge: Dodged            |     5 |     2 ||     7

Table legend: (Time is in decaauts)
 A = Elapsed time spent in this place.
 B = Non-inter-level travel time spent in this place.
 C = Inter-level travel time spent in this place.
 D = Time resting spent in this place.
 E = Time spent auto-exploring this place.
 F = Levels seen in this place.
 G = Mean time per level.
                   A        B        C        D        E       F      G
               +--------+--------+--------+--------+--------+-----+--------+
         Total |   2214 |   2203 |     11 |     50 |   1887 |   2 | 1107.0 |
       Dungeon |   2214 |   2203 |     11 |     50 |   1887 |   2 | 1107.0 |
               +--------+--------+--------+--------+--------+-----+--------+

Top non-repeatable levels by time:
     D:1: 1319 daAuts
     D:2: 895 daAuts
